 Dungeon Crawl Stone Soup version 0.14-a0-1097-gc7db7fc (webtiles) character file.

3326 Psiweapon the Covert (level 9, 0/57 HPs)
             Began as a Vampire Enchanter on Nov 27, 2013.
             Was a Priest of Makhleb.
             Shot with a sling bullet by Joseph (14 damage)
             ... on Level 8 of the Dungeon on Nov 28, 2013.
             The game lasted 00:56:02 (9757 turns).

Psiweapon the Covert (Vampire Enchanter)            Turns: 9757, Time: 00:56:02

HP   0/57        AC  9     Str  8      XL: 9   Next: 57%
MP  16/16        EV 15     Int 19      God: Makhleb [***...]
Gold 273         SH  7     Dex 14      Spells:  4 memorised,  2 levels left

rFire  . . .     SeeInvis +     q - +2,+0 elf dagger (drain)
rCold  + . .     Clarity  .     s - +2 robe
rNeg   + + .     Conserve .     G - +0 buckler
rPois  +         rCorr    .     (no helmet)
rElec  .         rRot     +     v - +2 cloak
SustAb . .       Spirit   .     a - +0 pair of elf gauntlets
rMut   .         Warding  .     b - +0 pair of boots
Saprov . . .     Stasis   .     (no amulet)
                                (no ring)
                                t - ring of sustenance

@: regenerating slowly, somewhat resistant to hostile enchantments, extremely
stealthy
A: bottle blood, fangs 3, see invisible, unbreathing
a: Bat Form, Bottle Blood, Minor Destruction, Lesser Servant of Makhleb,
Renounce Religion


You were on level 8 of the Dungeon.
You worshipped Makhleb.
Makhleb was most pleased with you.
You were very thirsty.

You visited 2 branches of the dungeon, and saw 9 of its levels.

You collected 273 gold pieces.

Inventory:

Hand weapons
 h - a +1,+1 dwarven dagger
 q - a +2,+0 elven dagger of draining (weapon)
 r - a +1,+5 anti-magic scythe
 y - a +0,+0 flail of protection
 F - a +2,+1 sabre
Missiles
 d - 12 darts (quivered)
 x - 35 poisoned needles
 H - 6 tomahawks
Armour
 a - a +0 pair of elven gauntlets (worn)
 b - a +0 pair of boots (worn)
 s - a +2 robe (worn)
 v - a +2 cloak (worn)
 G - a +0 buckler (worn)
Scrolls
 e - 2 scrolls of curse armour {unknown}
 f - 2 scrolls of magic mapping
 g - 4 scrolls of recharging
 i - a scroll of enchant weapon II {unknown}
 k - 2 scrolls of blinking
 l - 5 scrolls of remove curse {unknown}
 m - 2 scrolls of teleportation {unknown}
 o - 2 scrolls of curse weapon {unknown}
 w - 3 scrolls of enchant weapon I {unknown}
 B - 3 scrolls of enchant armour {unknown}
 D - a scroll of fog {unknown}
 I - a scroll of fear {unknown}
 K - a scroll of amnesia {unknown}
 M - a scroll of acquirement {unknown}
 N - a scroll of random uselessness {unknown}
Jewellery
 j - an uncursed amulet of stasis
 t - a ring of sustenance (left hand)
Potions
 n - 2 potions of might {unknown}
 p - a potion of berserk rage
 u - a potion of heal wounds {unknown}
 z - a potion of flight {unknown}
 A - 3 potions of blood
 E - 2 potions of curing
 J - a potion of poison {unknown}


   Skills:
 - Level 6.3 Short Blades
 - Level 0.7 Throwing
 + Level 7.6 Dodging
 + Level 10.9 Stealth
 - Level 2.0 Spellcasting
 - Level 6.2 Hexes
 + Level 2.5 Charms
 - Level 5.0 Ice Magic
 + Level 2.3 Air Magic


You had 2 spell levels left.
You knew the following spells:

 Your Spells              Type           Power        Failure   Level  Hunger
a - Corona                Hex            ####...      1%          1    #......
b - Ensorcelled Hibernat  Hex/Ice        ###...       3%          2    ##.....
c - Enslavement           Hex            ####....     17%         4    #####..
d - Flight                Chrm/Air       ##........   28%         3    ####...


Dungeon Overview and Level Annotations

Branches:
Dungeon (8/16)             Temple (1/1) D:4
   Lair: D:8-11

Altars:
Ashenzari
Cheibriados
Elyvilon
Fedhas
Kikubaaqudgha
Makhleb
Nemelex Xobeh
Okawaru
Sif Muna
Trog
Vehumet
Xom
Yredelemnul
Zin
the Shining One

Annotations:
D:5 Edmund; miro's ghost, average DDFi
D:8 Joseph


Innate Abilities, Weirdness & Mutations

You heal slowly.
You can bottle blood from corpses.
You have razor-sharp teeth.*
You have supernaturally acute eyesight.
You can survive without breathing.*


Message History

You finish bottling this corpse's blood.
A - 3 potions of blood (gained 1)
You see here a bat skeleton.
Found three items.
You now have 273 gold pieces (gained 8).
A worker ant comes into view.
Joseph shoots a sling bullet.
The sling bullet hits you!
You see here a sling bullet.
Joseph shoots a sling bullet.
The sling bullet hits you!
You see here a sling bullet.
Joseph shoots a sling bullet.
The sling bullet hits you!
You see here a sling bullet.
You see here a bat skeleton.
Joseph says, "You must be punished!
Or...
I want to punish you!"
Joseph shoots a sling bullet.
The sling bullet hits you!
* * * LOW HITPOINT WARNING * * *
You see here a sling bullet.
There is a stone staircase leading up here.
Joseph shoots a sling bullet.
The sling bullet hits you!
You die...

#
##...############
..............@.##
#..........#.....#
.....##...#.....#
##.. #...#%....#
#. #....#....## #
#....#....#
#...##.####
###.##@# #.##(#


You could see Joseph.

Vanquished Creatures
  A steam dragon (D:8)
  A merfolk (D:7)
  A hungry ghost (D:8)
  A manticore (D:6)
  A necrophage (D:8)
  A sky beast (D:5)
  4 ogres
  A phantom (D:7)
  A crocodile (D:8)
  Sigmund (D:2)
  3 centaurs
  A giant frog (D:6)
  A manticore zombie (D:8)
  A yak zombie (D:7)
  10 killer bees
  2 jellies
  A giant frog skeleton (D:6)
  3 hounds
  2 iguanas
  A scorpion (D:7)
  3 big fish (D:7)
  3 orc wizards
  5 worker ants
  A goliath beetle (D:6)
  2 orc priests
  7 gnolls
  12 adders
  A giant mite (D:3)
  3 worms
  An adder zombie (D:6)
  An adder skeleton (D:4)
  3 giant eyeballs
  8 giant geckos
  4 oozes
  17 orcs
  A ball python (D:1)
  4 giant cockroaches
  11 hobgoblins
  17 jackals
  3 quokkas
  13 bats
  5 giant newts
  9 goblins
  13 kobolds
  10 rats
195 creatures vanquished.

Vanquished Creatures (collateral kills)
  A centaur zombie (D:5)
  A kobold (D:5)
2 creatures vanquished.

Vanquished Creatures (others)
  2 giant spores (D:7)
2 creatures vanquished.

Grand Total: 199 creatures vanquished

Notes
Turn   | Place    | Note
--------------------------------------------------------------
     0 | D:1      | Psiweapon, the Vampire Enchanter, began the quest for the Orb.
     0 | D:1      | Reached XP level 1. HP: 13/13 MP: 4/4
   431 | D:1      | Reached XP level 2. HP: 19/19 MP: 5/5
   438 | D:1      | Learned a level 2 spell: Ensorcelled Hibernation
  1118 | D:2      | Reached skill level 5 in Hexes
  1118 | D:2      | Reached XP level 3. HP: 24/24 MP: 1/6
  1567 | D:2      | Reached XP level 4. HP: 26/30 MP: 5/8
  1603 | D:2      | Noticed Sigmund
  1635 | D:2      | Killed Sigmund
  1635 | D:2      | Reached skill level 5 in Stealth
  1635 | D:2      | Reached XP level 5. HP: 4/35 MP: 0/9
  2756 | D:2      | Reached skill level 6 in Hexes
  3580 | D:3      | Reached XP level 6. HP: 41/41 MP: 7/10
  3641 | D:3      | Learned a level 4 spell: Enslavement
  3704 | D:3      | Found a glowing golden altar of the Shining One.
  4063 | D:3      | Noticed a centaur
  4076 | D:3      | Killed a centaur
  4328 | D:4      | Found a staircase to the Ecumenical Temple.
  4341 | Temple   | Entered the Ecumenical Temple
  4425 | Temple   | Became a worshipper of Makhleb the Destroyer
  4948 | D:5      | Entered Level 5 of the Dungeon
  4954 | D:5      | Noticed miro's ghost (average DDFi)
  5008 | D:5      | Reached XP level 7. HP: 43/46 MP: 1/13
  5144 | D:4      | Reached skill level 7 in Stealth
  5168 | D:4      | Acquired Makhleb's first power
  5692 | D:5      | Found a burning altar of Makhleb.
  5721 | D:5      | Found a bloodstained altar of Trog.
  5727 | D:5      | Reached skill level 1 in Ice Magic
  6029 | D:5      | Reached skill level 5 in Dodging
  6093 | D:6      | Reached skill level 8 in Stealth
  6260 | D:6      | Reached XP level 8. HP: 52/52 MP: 10/15
  6434 | D:6      | Reached skill level 5 in Short Blades
  6790 | D:5      | Noticed Edmund
  6856 | D:6      | Reached skill level 9 in Stealth
  6859 | D:6      | Acquired Makhleb's second power
  6937 | D:6      | Learned a level 3 spell: Flight
  7656 | D:7      | Reached XP level 9. HP: 57/57 MP: 16/16
  7666 | D:7      | Found a sparkling altar of Nemelex Xobeh.
  7807 | D:7      | Reached skill level 10 in Stealth
  8132 | D:7      | Reached skill level 5 in Ice Magic
  8234 | D:7      | Reached skill level 1 in Charms
  8266 | D:8      | Reached skill level 1 in Air Magic
  8341 | D:8      | Noticed Joseph
  8926 | D:7      | Acquired Makhleb's third power
  9757 | D:8      | Shot with a sling bullet by Joseph

Action                   |  1- 3 |  4- 6 |  7- 9 || total
-------------------------+-------+-------+-------++-------
Melee: Dagger            |    66 |   138 |   146 ||   350
       Sabre             |       |     9 |    94 ||   103
       Unarmed           |       |       |     1 ||     1
Throw: Dart              |       |       |     2 ||     2
 Cast: Corona            |     5 |     1 |    13 ||    19
       Ensorcelled Hiber |    17 |    55 |    81 ||   153
       Enslavement       |       |       |     2 ||     2
 Abil: Bottle Blood      |       |     5 |     8 ||    13
       End Transformatio |       |       |     2 ||     2
       Bat Form          |       |       |     2 ||     2
  Use: Potion            |       |     2 |     6 ||     8
       Scroll            |       |     3 |     2 ||     5
 Stab: Sleeping          |    18 |    54 |    75 ||   147
       Distracted        |     1 |     2 |     1 ||     4
